 Dungeon Crawl Stone Soup version 0.30-a0-241-g1121274140 (webtiles) character file.

Game seed: 6367766679642465744

504 bande the Chopper (level 7, -1/44 HPs)
             Began as a Gargoyle Fighter on Oct 11, 2022.
             Slain by a two-headed ogre
             ... wielding a +0 giant club
              (16 damage)
             ... on level 5 of the Dungeon.
             The game lasted 00:08:42 (4594 turns).

bande the Chopper (Gargoyle Fighter)                Turns: 4594, Time: 00:08:43

Health: -1/44      AC: 18    Str: 20    XL:     7   Next: 17%
Magic:  7/7        EV:  5    Int:  8    God:
Gold:   208        SH:  4    Dex: 11    Spells: 6/6 levels left

rFire   . . .      SeeInvis .    a - +0 war axe
rCold   . . .      Faith    .    c - +0 buckler
rNeg    + . .      Spirit   .    g - +0 plate armour
rPois   ∞          Reflect  .    B - +1 hat
rElec   +          Harm     .    (no cloak)
rCorr   .          Rampage  .    (no gloves)
Will    +....                    (no boots)
Stlth   ..........               (no amulet)
HPRegen 0.27/turn                h - ring of willpower
MPRegen 0.10/turn                (no ring)

@: no status effects
A: sickness immunity, AC +4, negative energy resistance 1, electricity
resistance, torment resistance 1, petrification resistance
a: no special abilities


You were on level 5 of the Dungeon.
You visited 1 branch of the dungeon, and saw 5 of its levels.
You also visited: Ossuary.

You collected 208 gold pieces.

Inventory:

Hand Weapons
 a - a +0 war axe (weapon)
 u - a +0 flail
Armour
 c - a +0 buckler (worn)
 g - a +0 plate armour (worn)
 B - a +1 hat (worn)
Jewellery
 h - a ring of willpower (left hand)
 i - an amulet of faith
 j - a ring of ice
Wands
 y - a wand of flame (14)
Scrolls
 b - 4 scrolls of identify
 f - 2 scrolls of magic mapping
 k - a scroll of fog
 m - a scroll of amnesia
 n - a scroll of immolation
 o - a scroll of teleportation
 q - a scroll of vulnerability {unknown}
 r - a scroll of poison {unknown}
 t - a scroll of blinking {unknown}
Potions
 d - 2 potions of might
 e - a potion of resistance {unknown}
 l - a potion of invisibility {unknown}
 p - 2 potions of brilliance
 s - 2 potions of flight {unknown}
 v - a potion of attraction {unknown}
 w - 2 potions of haste {unknown}
 x - 4 potions of curing {unknown}
 z - 2 potions of berserk rage {unknown}
 A - a potion of heal wounds {unknown}


   Skills:
 + Level 4.5 Fighting
 + Level 5.0 Axes
 + Level 4.9 Armour
 + Level 4.3 Shields


You had 6 spell levels left.
You didn't know any spells.
Your spell library was empty.

Dungeon Overview and Level Annotations

Branches:
Dungeon (5/15)            Ossuary (visited)
 Temple: D:4-7

Altars:
Gozag
Kikubaaqudgha

Shops:
D:4 *


Innate Abilities, Weirdness & Mutations

You are immune to sickness and miasma.
Your stone body is resilient. (AC +4)
You are immune to poison.
You resist negative energy. (rN+)
You are resistant to electric shocks. (rElec)
You are resistant to unholy torment.
You are immune to petrification.


Message History

The phantom hits you but does no damage.
You barely miss the phantom.
The phantom hits you but does no damage.
You miss the phantom.
The phantom hits you but does no damage. x2
You closely miss the phantom. The phantom hits you.
The phantom blinks!
You blink.
You completely miss the phantom.
The phantom hits you but does no damage.
You hit the phantom.
The phantom is lightly damaged.
You block the phantom's attack.
The phantom hits you but does no damage.
You closely miss the phantom.
The phantom is lightly damaged.
The phantom hits you but does no damage.
You closely miss the phantom.
The phantom is lightly damaged.
The phantom hits you but does no damage.
You hit the phantom.
The phantom is moderately damaged.
The phantom hits you but does no damage.
You miss the phantom.
The phantom is moderately damaged.
The phantom hits you but does no damage.
The phantom hits you.
The phantom blinks!
You blink.
You slash the phantom!
The phantom is severely damaged.
You block the phantom's attack.
You hit the phantom but do no damage.
The phantom is severely damaged.
The phantom hits you but does no damage.
Unknown command.
You slash the phantom!
The phantom is almost destroyed.
The phantom hits you but does no damage.
The phantom barely misses you.
The two-headed ogre hits you with a +0 giant club!
The two-headed ogre hits you with a +0 giant spiked club!
You die...

#.# #.# ##### #.#
.....#
#.###.....# #
#.#.W.....#
#.##.##)#@#....
#.......O.......#
#.###.##.######
###. #.# .#
...###.##.##
#.........#.#
#.......!..#
#......##.#.#
#.###......#


You could see a two-headed ogre and a phantom.

Vanquished Creatures
  4 water moccasin zombies (Ossuary)
  A hound (D:5)
  Terence (D:3)
  An iguana (D:5)
  2 mummies (Ossuary)
  4 gnolls
  4 adders
  4 adder zombies (Ossuary)
  3 worms
  5 bats
  9 endoplasms
  4 giant cockroaches
  4 gnoll zombies (Ossuary)
  6 goblins
  10 hobgoblins
  3 jackals (D:2)
  A quokka (D:3)
  4 ball pythons
  A frilled lizard (D:1)
  3 hobgoblin zombies (Ossuary)
  6 kobolds
  7 kobold zombies (Ossuary)
  2 orc zombies (Ossuary)
  5 rats
94 creatures vanquished.

Notes
Turn   | Place    | Note
-------+----------+-------------------------------------------
     0 | D:1      | bande the Gargoyle Fighter began the quest for the Orb.
     0 | D:1      | Reached XP level 1. HP: 14/14 MP: 1/1
   168 | D:1      | Reached XP level 2. HP: 16/19 MP: 2/2
   358 | D:1      | Reached skill level 2 in Axes
   888 | D:2      | Reached XP level 3. HP: 23/23 MP: 3/3
  1902 | D:3      | Reached XP level 4. HP: 23/29 MP: 4/4
  2002 | D:3      | Found an opulent altar of Gozag.
  2218 | D:3      | Found an ancient bone altar of Kikubaaqudgha.
  2364 | D:3      | Noticed Terence
  2374 | D:3      | Killed Terence
  2402 | D:3      | Identified the +2 robe of the Past {+Inv rPois rN+ Dex-5}
  2432 | D:3      | Reached skill level 3 in Axes
  2801 | D:4      | Found Yrawn's Gadget Gallery.
  2862 | D:4      | Found a sand-covered staircase.
  2875 | Ossuary  | Entered an ossuary
  2899 | Ossuary  | Reached XP level 5. HP: 33/33 MP: 5/5
  2936 | Ossuary  | Reached XP level 6. HP: 38/38 MP: 6/6
  2952 | Ossuary  | Reached skill level 4 in Axes
  4027 | D:5      | Entered Level 5 of the Dungeon
  4236 | D:4      | Reached XP level 7. HP: 40/44 MP: 7/7
  4314 | D:5      | Reached skill level 5 in Axes
  4581 | D:5      | Noticed a two-headed ogre
  4594 | D:5      | Slain by a two-headed ogre

Illustrated notes

Levels and vault maps discovered:
D:1:      heliophobic_arrival_glass_houses, layout_loops_cross
D:2:      layout_basic, minmay_door_square, kennysheep_generic_room_10
D:3:      layout_loops_corners, mainiacjoe_overflow_catch_the_wave, uniq_terence
D:4:      layout_loops_corners, nicolae_ossuary_entry_monument,
          nicolae_shop_gadgets
D:5:      layout_loops_cross, minmay_temple_entry_nine_rooms

Skill      XL: |  1  2  3  4  5  6  7 |
---------------+----------------------+-----
Axes           | 2 3 4 5 |  5.0
Armour         | 4 |  4.9
Fighting       | 4 |  4.5
Shields        | 4 |  4.3

Action                   |  1- 3 |  4- 6 |  7- 9 || total
-------------------------+-------+-------+-------++-------
Melee: War axe           |   102 |   186 |    50 ||   338
  Use: Scroll            |       |     4 |     4 ||     8
Armor: Plate armour      |    83 |   140 |    33 ||   256
       Scale mail        |     3 |       |       ||     3
Dodge: Dodged            |    28 |    52 |    12 ||    92
Block: Buckler           |    29 |    44 |    13 ||    86

Table legend: (Time is in decaauts)
 A = Elapsed time spent in this place.
 B = Non-inter-level travel time spent in this place.
 C = Inter-level travel time spent in this place.
 D = Time resting spent in this place.
 E = Time spent auto-exploring this place.
 F = Levels seen in this place.
 G = Mean time per level.
                   A        B        C        D        E       F      G
               +--------+--------+--------+--------+--------+-----+--------+
         Total |   4718 |   4649 |     69 |    539 |   3091 |   6 |  786.3 |
       Dungeon |   4291 |   4222 |     69 |    383 |   2998 |   5 |  858.2 |
       Ossuary |    426 |    426 |      0 |    156 |     93 |   1 |  426.0 |
               +--------+--------+--------+--------+--------+-----+--------+

Top non-repeatable levels by time:
     D:4: 1110 daAuts
     D:3: 969 daAuts
     D:1: 930 daAuts
     D:2: 915 daAuts
 Ossuary: 426 daAuts
     D:5: 365 daAuts
